[Event "Titled Tuesday Blitz September 28 2021"]
[White "Roberson, Peter T"]
[Black "Kovalev, Vladislav"]
[WhiteFideId "412384"]
[BlackFideId "13504398"]
[WhiteElo "2283"]
[BlackElo "2573"]
[Result "0-1"]
[Round "02"]
[TimeControl "180+1"]
[Date "2021.09.28"]
[WhiteClock "0:00:10"]
[BlackClock "0:00:20"]

1. e4 e5 2. Nf3 Nc6 3. Bb5 a6 4. Ba4 Nf6 5. O-O Be7 6. Re1 b5 7. Bb3 d6 8. c3 O-O 9. h3 Nb8 10. d4 Nbd7 11. Nbd2 c5 12. Nf1 Re8 13. Ng3 Bf8 14. d5 c4 15. Bc2 a5 16. Bg5 h6 17. Be3 g6 18. Qd2 Kh7 19. Nh2 Nc5 20. f4 exf4 21. Bxf4 Bg7 22. Nf3 Qb6 23. Kh1 Nfd7 24. Rf1 Ra7 25. Rae1 Ne5 26. Nxe5 Bxe5 27. Bxe5 Rxe5 28. Rf6 Rae7 29. Ref1 Kg7 30. Qf4 Qc7 31. h4 h5 32. Ne2 Nxe4 33. Nd4 Nxf6 34. Qxf6+ Kg8 35. Nxb5 Qb6 36. Nxd6 Re1 37. Nxc8 Qxf6 38. Nxe7+ Qxe7 0-1


[Site "https://www.chess.com"]

[Event "Titled Tuesday Blitz September 28 2021"]
[White "Romanchuk, Viktor"]
[Black "Rustemov, Alexander"]
[WhiteFideId "14109271"]
[BlackFideId "4119002"]
[WhiteElo "2242"]
[BlackElo "2754"]
[Result "0-1"]
[Round "02"]
[TimeControl "180+1"]
[Date "2021.09.28"]
[WhiteClock "0:00:05"]
[BlackClock "0:00:22"]

1. d4 d5 2. c4 c6 3. Nc3 dxc4 4. e3 e5 5. Bxc4 exd4 6. exd4 Nf6 7. Nf3 Be7 8. O-O O-O 9. h3 Nbd7 10. Re1 Nb6 11. Bb3 Nfd5 12. Ne4 Bf5 13. Nc5 Qc7 14. Bg5 Bxg5 15. Nxg5 Rad8 16. Qf3 Bg6 17. Rad1 h6 18. Nge4 Rfe8 19. Nc3 Rxe1+ 20. Rxe1 Nf6 21. Rd1 Nc8 22. Qe3 b6 23. Nd3 Bxd3 24. Qxd3 Ne7 25. Qf3 Ned5 26. g3 g6 27. Kg2 Kg7 28. Rc1 Qd7 29. Nxd5 cxd5 30. Re1 Qd6 31. Re5 a5 32. Qd3 Qb4 33. Qc3 Qxc3 34. bxc3 b5 35. a3 Kf8 36. Kf3 Ne4 37. Rxd5 Rxd5 38. Bxd5 Nxc3 39. Bb3 Ke7 40. Ke3 Nb1 41. a4 bxa4 42. Bxa4 Nc3 43. Bc6 Kd6 44. Be8 Nd5+ 45. Kd3 Ke7 46. Bb5 f6 47. Kc4 Kd6 48. Be8 g5 49. Bf7 a4 50. Bxd5 a3 51. Kb3 Kxd5 52. Kxa3 Kxd4 53. Kb4 Ke4 54. Kc5 Kf3 55. Kd6 Kxf2 56. Ke6 Kxg3 57. Kxf6 Kxh3 58. Kg6 g4 0-1


[Site "https://www.chess.com"]

[Event "Titled Tuesday Blitz September 28 2021"]
[White "Rosen, Eric"]
[Black "Temirkanov, David"]
[WhiteFideId "2032562"]
[BlackFideId "4168534"]
[WhiteElo "2362"]
[BlackElo "2125"]
[Result "1-0"]
[Round "02"]
[TimeControl "180+1"]
[Date "2021.09.28"]
[WhiteClock "0:00:05"]
[BlackClock "0:00:02"]

1. d4 d5 2. Bf4 Nc6 3. e3 Nf6 4. Nf3 Bg4 5. Bb5 e6 6. Nbd2 Bd6 7. Bg3 O-O 8. c4 Bxg3 9. hxg3 Ne7 10. cxd5 exd5 11. Bd3 Bf5 12. Qc2 Bxd3 13. Qxd3 Qd7 14. Ne5 Qf5 15. Qxf5 Nxf5 16. Rc1 c6 17. Ke2 Nd6 18. f3 Rad8 19. g4 Nd7 20. Nxd7 Rxd7 21. Kd3 Re8 22. Rhe1 Rde7 23. Nf1 h6 24. Re2 f5 25. gxf5 Nxf5 26. g4 Nh4 27. Rf2 Rf8 28. Nd2 Ref7 29. Rcf1 Re8 30. b4 a6 31. a4 Rfe7 32. Re2 Ng6 33. Rfe1 Kf7 34. f4 Nf8 35. Nf3 Nd7 36. Rb1 Kg8 37. Ne5 Nxe5+ 38. dxe5 Kf7 39. Kd4 Rc8 40. Rc2 Rec7 41. Rbc1 Ke6 42. f5+ Kd7 43. e4 dxe4 44. Kxe4 Ke7 45. b5 axb5 46. axb5 c5 47. Rd2 c4 48. Rc3 Rc5 49. Rd4 Rxb5 50. Rdxc4 Rxc4+ 51. Rxc4 Kd7 52. e6+ Kd6 53. Rd4+ Ke7 54. Rd7+ Kf8 55. Rf7+ Kg8 56. Rc7 Kf8 57. Rc8+ Ke7 58. Rc7+ Kf8 59. Kf4 b6 60. Rf7+ Kg8 61. Rb7 Kf8 62. g5 hxg5+ 63. Kxg5 Rb1 64. Rb8+ Ke7 65. Rb7+ Kf8 66. Rf7+ Kg8 67. Rc7 Kf8 68. Rc6 b5 69. Rc8+ Ke7 70. Rc7+ Kf8 71. Rf7+ Kg8 72. Rb7 Kf8 73. Kf4 b4 74. Rf7+ Kg8 75. Rb7 b3 76. Rb8+ Kh7 77. e7 b2 78. e8=Q Rf1+ 79. Kg3 Rg1+ 80. Kf2 b1=Q 81. Qh5# 1-0


[Site "https://www.chess.com"]

[Event "Titled Tuesday Blitz September 28 2021"]
[White "Rottenwohrer Suarez, Juan"]
[Black "Tang, Andrew"]
[WhiteFideId "32068182"]
[BlackFideId "2059630"]
[WhiteElo "2584"]
[BlackElo "2960"]
[Result "0-1"]
[Round "02"]
[TimeControl "180+1"]
[Date "2021.09.28"]
[WhiteClock "0:00:14"]
[BlackClock "0:02:16"]

1. c4 e6 2. d4 d5 3. Nc3 Be7 4. cxd5 exd5 5. Bf4 c6 6. Qc2 Nf6 7. h3 Ne4 8. Nxe4 dxe4 9. Qxe4 Qb6 10. Bd6 Be6 11. Bxe7 Qxb2 12. Rb1 Qc3+ 13. Kd1 Kxe7 14. Rxb7+ Nd7 15. Qd3 Qxd3+ 16. exd3 Rhb8 17. Rxb8 Rxb8 18. Kc2 Nb6 19. Nf3 Na4 20. Ne5 Rb2+ 21. Kc1 Bd5 22. f3 Rxa2 23. h4 Bb3 24. Nc4 Rc2+ 0-1


[Site "https://www.chess.com"]

[Event "Titled Tuesday Blitz September 28 2021"]
[White "Rozman, Levy"]
[Black "Lehtosaari, Mauri"]
[WhiteFideId "2039877"]
[BlackFideId "501999"]
[WhiteElo "2376"]
[BlackElo "2441"]
[Result "1/2-1/2"]
[Round "02"]
[TimeControl "180+1"]
[Date "2021.09.28"]
[WhiteClock "0:00:06"]
[BlackClock "0:00:09"]

1. d4 d5 2. c4 c6 3. Nc3 Nf6 4. cxd5 cxd5 5. Bf4 Nc6 6. e3 a6 7. Rc1 Bf5 8. Qb3 Na5 9. Qa4+ Bd7 10. Qc2 Rc8 11. Bd3 e6 12. Nf3 Be7 13. O-O O-O 14. Ne5 b5 15. Qe2 Nc4 16. b3 Nd6 17. a4 b4 18. Nb1 a5 19. Rc2 Rxc2 20. Qxc2 h6 21. Rc1 Nh5 22. Qc7 Nxf4 23. exf4 Qxc7 24. Rxc7 Rc8 25. Rxd7 Rc1+ 26. Bf1 Rxb1 27. Rxe7 Ne4 28. Nf3 Rxb3 29. Rc7 Ra3 30. h4 Rxa4 31. Rc8+ Kh7 32. Bd3 Ra1+ 33. Kh2 b3 34. Nd2 a4 35. f3 Rd1 36. Bxe4+ dxe4 37. Nxe4 b2 38. Nc3 b1=Q 39. Nxb1 Rxb1 40. Ra8 Rb4 41. Ra7 Kg6 42. g4 Rxd4 43. Kg3 Rb4 44. Ra5 Kf6 45. Ra6 g6 46. Ra5 Kg7 47. Ra6 Rc4 48. Ra5 Kf6 49. Ra6 Kg7 50. Ra5 Kf6 51. Ra7 Kg7 52. g5 h5 53. Ra6 Rb4 54. Ra5 Rc4 55. Ra6 Kf8 56. Ra7 Rb4 57. Ra8+ Kg7 58. Ra7 Rc4 59. Ra6 1/2-1/2


[Site "https://www.chess.com"]

[Event "Titled Tuesday Blitz September 28 2021"]
[White "Sadovsky, Artem"]
[Black "Sychev, Klementy"]
[WhiteFideId "4155840"]
[BlackFideId "4114060"]
[WhiteElo "2414"]
[BlackElo "2615"]
[Result "0-1"]
[Round "02"]
[TimeControl "180+1"]
[Date "2021.09.28"]
[WhiteClock "0:00:08"]
[BlackClock "0:00:17"]

1. Nf3 Nf6 2. g3 d6 3. Bg2 e5 4. O-O g6 5. b3 Bg7 6. Bb2 O-O 7. c4 Nc6 8. Ne1 Bg4 9. Nc3 Qd7 10. Nc2 Bh3 11. d4 Nh5 12. dxe5 Nxe5 13. Qd2 Rae8 14. Rfe1 Bxg2 15. Kxg2 f5 16. Qd5+ Kh8 17. Qxb7 Nxc4 18. bxc4 Rb8 19. Qf3 Rxb2 20. Rac1 Qf7 21. Nd5 Rxa2 22. Ncb4 Rb2 23. Nc6 g5 24. Nxa7 g4 25. Qd3 f4 26. Rf1 Rxe2 27. gxf4 Ra2 28. Nc6 Nxf4+ 29. Nxf4 Qxf4 30. Qg3 Qe4+ 31. Kg1 Qxc6 32. Rce1 Qf3 33. Re7 Qxg3+ 34. hxg3 0-1


[Site "https://www.chess.com"]

[Event "Titled Tuesday Blitz September 28 2021"]
[White "Sadykov, Ramil"]
[Black "Mekhitarian, Krikor Sevag"]
[WhiteFideId "24113590"]
[BlackFideId "2107660"]
[WhiteElo "2300"]
[BlackElo "2598"]
[Result "0-1"]
[Round "02"]
[TimeControl "180+1"]
[Date "2021.09.28"]
[WhiteClock "0:00:02"]
[BlackClock "0:00:05"]

1. d4 Nf6 2. Nc3 d5 3. Bf4 a6 4. e3 e6 5. Nf3 c5 6. Ne5 Nc6 7. g4 Bd6 8. g5 Bxe5 9. Bxe5 Nxe5 10. gxf6 cxd4 11. fxg7 Rg8 12. exd4 Ng6 13. Qh5 Qf6 14. O-O-O Rxg7 15. Re1 Kf8 16. Bd3 Bd7 17. f4 Nxf4 18. Qf3 Qxd4 19. Rhf1 Nxd3+ 20. cxd3 Rc8 21. Kb1 Rxc3 22. bxc3 Qxc3 23. Rc1 Qd4 24. Qf4 Qxf4 25. Rxf4 Bc6 26. d4 Ke7 27. Rc2 f5 28. Re2 Kf6 29. Rf3 Rg4 30. Rfe3 Bd7 31. Rd2 h5 32. Rb3 Bc6 33. Kb2 h4 34. h3 Re4 35. Rf3 Bb5 36. Kc3 Bc4 37. Rg2 a5 38. a4 Re1 39. Rb2 Ba6 40. Rb6 Rc1+ 41. Kd2 Rc4 42. Re3 Rxd4+ 43. Kc3 Re4 44. Rxe4 fxe4 45. Kd4 Kf5 46. Rd6 Bc4 47. Rd8 e5+ 48. Ke3 d4+ 49. Kf2 e3+ 50. Kf3 Ke6 51. Ke4 e2 52. Re8+ Kd7 0-1


[Site "https://www.chess.com"]

[Event "Titled Tuesday Blitz September 28 2021"]
[White "Salinas Herrera, Pablo"]
[Black "Megagigahiper3345"]
[WhiteFideId "3407128"]
[WhiteElo "2541"]
[BlackElo "2529"]
[Result "1-0"]
[Round "02"]
[TimeControl "180+1"]
[Date "2021.09.28"]
[WhiteClock "0:01:05"]
[BlackClock "0:00:10"]

1. e4 e6 2. d4 d5 3. Nc3 Bb4 4. e5 c5 5. a3 Bxc3+ 6. bxc3 Ne7 7. Qg4 Qc7 8. Qxg7 Rg8 9. Qxh7 cxd4 10. Ne2 dxc3 11. f4 Nbc6 12. h4 Bd7 13. h5 O-O-O 14. Qd3 d4 15. h6 Kb8 16. h7 Rh8 17. g4 Bc8 18. Bg2 b6 19. Kf2 Bb7 20. Rb1 Ng6 21. Kg3 Ka8 22. Rh5 Nce7 23. Bxb7+ Qxb7 24. a4 Nc6 25. Ba3 Rd5 26. Bd6 Qc8 27. Rb5 Nge7 28. Rxd5 Nxd5 29. Nxd4 Nxd4 30. Qxd4 Qa6 31. Kf2 b5 32. axb5 Qxb5 33. Rh1 Qb2 34. Qe4 Qb6+ 35. Kf3 a5 36. Bf8 Rxf8 37. h8=Q Rxh8 38. Rxh8+ Ka7 39. Rh7 Qg1 40. Rxf7+ Kb8 41. Rf8+ Ka7 42. Qh7+ Ka6 43. Ra8+ Kb6 44. Qa7+ 1-0


[Site "https://www.chess.com"]

[Event "Titled Tuesday Blitz September 28 2021"]
[White "Savchenko, Boris"]
[Black "Florescu, Codrut-Constantin"]
[WhiteFideId "4147332"]
[BlackFideId "1202200"]
[WhiteElo "2543"]
[BlackElo "2243"]
[Result "1-0"]
[Round "02"]
[TimeControl "180+1"]
[Date "2021.09.28"]
[WhiteClock "0:00:08"]
[BlackClock "0:00:02"]

1. e4 c5 2. c3 Nf6 3. e5 Nd5 4. Nf3 e6 5. Bc4 d6 6. d4 cxd4 7. cxd4 Nc6 8. O-O Be7 9. Re1 a6 10. Qe2 dxe5 11. dxe5 b5 12. Bd3 Bb7 13. Nc3 Nxc3 14. bxc3 h6 15. Bf4 Qc7 16. Rad1 Na5 17. Be4 Bxe4 18. Qxe4 O-O 19. h4 Rad8 20. Bd2 Qc4 21. Qb1 Rd3 22. Nd4 Rd8 23. Re4 Nc6 24. Bxh6 Rxd1+ 25. Qxd1 gxh6 26. Qh5 Nxd4 27. Rg4+ Kf8 28. Qxh6+ Ke8 29. cxd4 Qd3 30. Qh8+ Kd7 31. Qg7 Qb1+ 32. Kh2 Qf5 33. f3 Rf8 34. h5 Ke8 35. h6 Qh5+ 36. Kg3 Qh1 37. h7 Qh5 38. Qg8 Qh6 39. f4 Qh5 40. Qg7 b4 41. d5 exd5 42. f5 Qxf5 43. Qxf8+ Bxf8 44. h8=Q Qd3+ 45. Kh2 Qe2 46. Rg8 Qh5+ 47. Qxh5 1-0


[Site "https://www.chess.com"]

[Event "Titled Tuesday Blitz September 28 2021"]
[White "Seemann, Jakub"]
[Black "Tristan, Leonardo"]
[WhiteFideId "21874697"]
[BlackFideId "113816"]
[WhiteElo "1849"]
[BlackElo "2404"]
[Result "0-1"]
[Round "02"]
[TimeControl "180+1"]
[Date "2021.09.28"]
[WhiteClock "0:00:03"]
[BlackClock "0:00:12"]

1. g3 d5 2. Bg2 Nf6 3. Nf3 Bf5 4. O-O e6 5. d3 Be7 6. b3 O-O 7. Bb2 h6 8. Nbd2 Bh7 9. c4 c6 10. Rc1 Nbd7 11. Rc2 a5 12. a3 Bd6 13. Qa1 e5 14. Nxe5 Nxe5 15. Bxe5 Bxe5 16. Qxe5 Re8 17. Qd4 Rxe2 18. cxd5 Nxd5 19. Bf3 Re7 20. Nc4 Nf6 21. Qc5 Nd7 22. Qd4 Ne5 23. Qxd8+ Rxd8 24. Be4 f5 25. Bg2 Nxd3 26. Nxa5 f4 27. Rd1 Re1+ 28. Rxe1 Nxe1 29. Rc1 Nd3 30. Rd1 Ra8 31. b4 b6 32. Bxc6 Rf8 33. Bd5+ Kh8 34. Nc4 b5 35. Nd6 fxg3 36. fxg3 Bg6 37. Nf7+ Kh7 38. Nd6 Rd8 39. Be4 Rxd6 40. Bxg6+ Kxg6 41. Kf1 Kf5 42. Ke2 Ke4 43. Rf1 Ne5 44. Rf4+ Kd5 45. Ke3 Nc4+ 46. Kd3 Nxa3 47. Kc3 Nc4 48. Kb3 Kc6 49. Rf5 Rd3+ 50. Kc2 Rd2+ 51. Kc3 Rxh2 52. Rc5+ Kb6 53. Rf5 Rg2 54. Rf7 Rxg3+ 55. Kd4 Rg4+ 56. Kd5 Rg5+ 57. Kd4 h5 58. Rf3 h4 59. Rh3 Rg4+ 60. Kd5 g5 61. Rf3 Rf4 62. Rd3 g4 63. Ke6 g3 0-1


[Site "https://www.chess.com"]

[Event "Titled Tuesday Blitz September 28 2021"]
[White "Sethuraman, S.P."]
[Black "Shahinyan, David"]
[WhiteFideId "5021596"]
[BlackFideId "13304380"]
[WhiteElo "2477"]
[BlackElo "2372"]
[Result "1-0"]
[Round "02"]
[TimeControl "180+1"]
[Date "2021.09.28"]
[WhiteClock "0:00:12"]
[BlackClock "0:00:01"]

1. d4 Nf6 2. c4 c5 3. Nf3 cxd4 4. Nxd4 e5 5. Nb5 d5 6. cxd5 a6 7. N5c3 Bc5 8. e3 O-O 9. g3 Ng4 10. Bg2 f5 11. O-O f4 12. Ne4 Ba7 13. h3 Nh6 14. exf4 exf4 15. Bxf4 Rxf4 16. gxf4 Nf7 17. Nbc3 Bf5 18. d6 Qd7 19. Kh2 Nc6 20. Ng3 Rd8 21. Nxf5 Qxf5 22. Qg4 Qf6 23. Rad1 Nxd6 24. Qg5 Qf8 25. Ne4 Bb8 26. Ng3 h6 27. Qg4 Ne7 28. Rfe1 Kh8 29. Re6 Nf7 30. Rxd8 Nxd8 31. Re4 Nd5 32. f5 Nf6 33. Qf3 Nxe4 34. Qxe4 Nc6 35. Kg1 Qd8 36. Bf1 Qf6 37. Bd3 Kh7 38. Kg2 Ne5 39. Bc2 Nf7 40. Qe6 Be5 41. Bb3 Qxe6 42. fxe6 Ng5 43. e7 1-0


[Site "https://www.chess.com"]

[Event "Titled Tuesday Blitz September 28 2021"]
[White "Shkapenko, Pavel"]
[Black "Saravana, Krishnan P."]
[WhiteFideId "4151933"]
[BlackFideId "5018382"]
[WhiteElo "2386"]
[BlackElo "2245"]
[Result "1-0"]
[Round "02"]
[TimeControl "180+1"]
[Date "2021.09.28"]
[WhiteClock "0:00:31"]
[BlackClock "0:01:13"]

1. e4 c6 2. d4 d5 3. e5 Bf5 4. h4 h6 5. g4 Bd7 6. h5 e6 7. c3 c5 8. Na3 Qb6 9. Nc2 Nc6 10. Nf3 Rc8 11. Bd3 cxd4 12. Ncxd4 Nxd4 13. cxd4 Bb5 14. O-O Bxd3 15. Qxd3 Ne7 16. Be3 Nc6 17. Rfc1 Be7 18. Rc3 O-O 19. Rb3 Qa6 20. Qxa6 bxa6 21. Rc1 Rc7 22. Rbc3 Rfc8 23. R3c2 Bd8 24. Kg2 Kf8 25. Ne1 Ke8 26. Nd3 Be7 27. f4 Kd7 28. f5 exf5 29. gxf5 Ke8 30. Nf4 Bg5 31. Nxd5 Bxe3 32. Nxc7+ Kd8 33. Rxc6 Bxc1 34. Rxc1 Rxc7 35. Rxc7 Kxc7 36. Kf3 Kc6 37. Ke4 f6 38. d5+ Kc5 39. e6 Kd6 40. Kd4 a5 41. Kc4 a6 42. Kb3 g5 43. fxg6 1-0


[Site "https://www.chess.com"]

[Event "Titled Tuesday Blitz September 28 2021"]
[White "Shuvalov, Evgenij"]
[Black "Leitao, Rafael"]
[WhiteFideId "4187237"]
[BlackFideId "2101246"]
[WhiteElo "2129"]
[BlackElo "2609"]
[Result "0-1"]
[Round "02"]
[TimeControl "180+1"]
[Date "2021.09.28"]
[WhiteClock "0:00:22"]
[BlackClock "0:00:55"]

1. Nf3 Nf6 2. c4 e6 3. g3 d5 4. Bg2 Be7 5. O-O O-O 6. b3 d4 7. e3 c5 8. exd4 cxd4 9. Ne5 Nfd7 10. Nxd7 Nxd7 11. f4 a5 12. d3 Nc5 13. Ba3 Rb8 14. Bxc5 Bxc5 15. Nd2 b6 16. a3 Qe7 17. Qc1 Bd7 18. Qb2 b5 19. Ne4 bxc4 20. Nxc5 Qxc5 21. dxc4 Qxc4 22. bxc4 Rxb2 23. Rfd1 Rc8 24. Rxd4 Be8 25. Rad1 Kf8 26. Bf1 Ra2 27. R1d3 Bc6 28. Rd8+ Rxd8 29. Rxd8+ Ke7 30. Rd3 Rb2 31. Rd1 Rb3 32. Ra1 Kd6 33. Kf2 Kc5 34. Be2 f6 35. Ra2 e5 36. fxe5 fxe5 37. Ra1 e4 38. Ra2 e3+ 39. Ke1 Rb1+ 40. Bd1 Bf3 41. Re2 Rxd1+ 42. Kxd1 Kxc4 43. Ke1 Bxe2 44. Kxe2 Kd4 45. a4 g5 46. g4 Ke4 47. Ke1 Kf3 0-1


[Site "https://www.chess.com"]

[Event "Titled Tuesday Blitz September 28 2021"]
[White "Sieciechowicz, Marcin"]
[Black "Holt, Conrad"]
[WhiteFideId "1130170"]
[BlackFideId "2034387"]
[WhiteElo "2318"]
[BlackElo "2586"]
[Result "0-1"]
[Round "02"]
[TimeControl "180+1"]
[Date "2021.09.28"]
[WhiteClock "0:00:03"]
[BlackClock "0:00:23"]

1. d4 d5 2. c4 c6 3. Nf3 Nf6 4. Nc3 dxc4 5. a4 Bf5 6. Ne5 Nbd7 7. Nxc4 Nb6 8. Ne5 a5 9. Bg5 g6 10. f3 Bg7 11. e4 Be6 12. Qd2 O-O 13. Be2 Nfd7 14. Nxd7 Qxd7 15. e5 f6 16. Be3 fxe5 17. dxe5 Qxd2+ 18. Kxd2 Rfd8+ 19. Kc2 Nd5 20. Nxd5 Bxd5 21. Bf4 b5 22. axb5 cxb5 23. Bxb5 Rab8 24. Rxa5 Rdc8+ 25. Kd3 Rxb5 26. Rxb5 Bc4+ 27. Ke3 Bxb5 28. Ra1 e6 29. Ra5 Bc4 30. b4 Bf8 31. b5 Bb4 32. Ra4 Bc5+ 33. Ke4 Bxb5 34. Ra5 Bc6+ 35. Kd3 Bb4 36. Ra7 Bb5+ 37. Ke4 Rc4+ 38. Kd3 Rc7+ 0-1


[Site "https://www.chess.com"]

[Event "Titled Tuesday Blitz September 28 2021"]
[White "Silvestre, Christian"]
[Black "Vakhlamov, Igor L."]
[WhiteFideId "30956269"]
[BlackFideId "24126748"]
[WhiteElo "2491"]
[BlackElo "2416"]
[Result "0-1"]
[Round "02"]
[TimeControl "180+1"]
[Date "2021.09.28"]
[WhiteClock "0:00:02"]
[BlackClock "0:00:19"]

1. d4 d5 2. Nf3 Nf6 3. Bf4 c5 4. c3 Nc6 5. e3 Bg4 6. Nbd2 e6 7. Bd3 Bd6 8. Bg3 O-O 9. Qa4 Bh5 10. O-O Rc8 11. Rfe1 Re8 12. Bxd6 Qxd6 13. dxc5 Qxc5 14. e4 dxe4 15. Nxe4 Nxe4 16. Bxe4 a6 17. Bxc6 Qxc6 18. Qxc6 Rxc6 19. Nd4 Rc7 20. f3 Bg6 21. f4 Rd8 22. a3 h6 23. Re5 Rcd7 24. Rae1 Kf8 25. g4 Bd3 26. Kf2 Rd5 27. Ke3 Bc4 28. Kd2 Rxe5 29. Rxe5 Bd5 30. Ke3 Ke7 31. Nf5+ Kf6 32. Nd4 g5 33. h4 Rg8 34. hxg5+ hxg5 35. c4 Bxc4 36. Rc5 Bd5 37. f5 Rh8 38. fxe6 fxe6 39. Rc7 Rh3+ 40. Kd2 Ke5 41. Ne2 Rh2 42. Ke3 Rh3+ 43. Kd2 Rh4 44. Nc3 Bc6 45. Nd1 Rxg4 46. Ne3 Rh4 47. Rg7 Kf4 48. Rf7+ Ke4 49. Nf1 Rg4 50. Ne3 Rg3 51. Nf1 Rg2+ 52. Kc3 g4 53. Nd2+ Ke5 54. Nc4+ Ke4 55. Nd2+ Ke3 56. Nc4+ Ke2 57. Rf6 Bd5 58. Nb6 Ke3 0-1


[Site "https://www.chess.com"]

[Event "Titled Tuesday Blitz September 28 2021"]
[White "Skatchkov, Valery"]
[Black "Bluebaum, Matthias"]
[WhiteFideId "24195812"]
[BlackFideId "24651516"]
[WhiteElo "2195"]
[BlackElo "2681"]
[Result "1-0"]
[Round "02"]
[TimeControl "180+1"]
[Date "2021.09.28"]
[WhiteClock "0:00:13"]
[BlackClock "0:00:21"]

1. d4 d5 2. c4 e6 3. Nf3 Nf6 4. Nc3 Nbd7 5. e3 c6 6. Qc2 Bd6 7. Bd3 O-O 8. O-O dxc4 9. Bxc4 e5 10. h3 Bc7 11. Rd1 Qe7 12. a3 e4 13. Ng5 Nb6 14. Bf1 Bf5 15. f3 Qd6 16. f4 Rae8 17. g4 Bc8 18. Ngxe4 Nxe4 19. Nxe4 Qg6 20. Bd3 f5 21. Ng3 Nd5 22. Nxf5 Kh8 23. Rf1 Bb6 24. Bd2 Qf6 25. Rae1 Bxf5 26. Bxf5 Qh4 27. Kg2 Re7 28. Be4 Rfe8 29. Bxd5 cxd5 30. Qf5 Rd8 31. Rc1 Bxd4 32. Rc8 Ree8 33. Rxd8 Qxd8 34. exd4 Qb6 35. Re1 Rg8 36. Bc3 Qb5 37. Qe5 h6 38. f5 Qd3 39. Qe2 Qxe2+ 40. Rxe2 Rf8 41. Re7 g6 42. fxg6 Kg8 43. Rxb7 Re8 44. Rxa7 Re6 45. g7 Re3 46. Rd7 Re2+ 47. Kf3 Re6 48. a4 Rf6+ 49. Kg3 Re6 50. a5 h5 51. gxh5 Re3+ 52. Kg4 Re4+ 53. Kg5 Re6 54. h6 Rg6+ 55. Kf5 Rxh6 56. Rxd5 Kxg7 57. Rb5 Rh5+ 58. Ke6 Rxb5 59. a6 Rb6+ 60. Ke7 Rxa6 61. d5+ Kg6 62. d6 Kf5 63. d7 Re6+ 64. Kd8 Rc6 65. h4 Ke6 66. Ke8 Rc7 67. d8=Q Rh7 68. Qc8+ Kd5 69. Qf5+ Kc4 70. Qxh7 Kb3 71. Qe4 Ka2 72. h5 Ka1 73. h6 Ka2 74. h7 Ka1 75. h8=Q Ka2 76. Qa4+ Kb1 77. Qh1# 1-0


[Site "https://www.chess.com"]

[Event "Titled Tuesday Blitz September 28 2021"]
[White "Smirnov, Pavel"]
[Black "Di Nicolantonio, Lucas"]
[WhiteFideId "4123425"]
[BlackFideId "680460"]
[WhiteElo "2563"]
[BlackElo "2381"]
[Result "1-0"]
[Round "02"]
[TimeControl "180+1"]
[Date "2021.09.28"]
[WhiteClock "0:01:00"]
[BlackClock "0:00:08"]

1. d4 g6 2. e4 Bg7 3. Nc3 d6 4. f4 a6 5. Nf3 b5 6. Bd3 Nd7 7. a4 b4 8. Ne2 c5 9. c3 bxc3 10. bxc3 Qc7 11. O-O Bb7 12. Rb1 Ngf6 13. e5 Nd5 14. Ng5 c4 15. e6 O-O 16. Be4 f5 17. Bxd5 Bxd5 18. exd7 Qxd7 19. Ng3 h6 20. Nf3 Bc6 21. Qe2 Bxa4 22. Qxc4+ Kh7 23. Re1 Bb5 24. Qe6 Qc6 25. Bd2 Ra7 26. h4 Bc4 27. Qe3 a5 28. h5 Bf7 29. hxg6+ Bxg6 30. Nh4 e5 31. dxe5 Re7 32. Nxg6 Kxg6 33. Rb6 Qc8 34. Rxd6+ Kh7 35. Nh5 Bxe5 36. fxe5 f4 1-0


[Site "https://www.chess.com"]

[Event "Titled Tuesday Blitz September 28 2021"]
[White "Sokolovsky, Yahli"]
[Black "Yeletsky, Ivan"]
[WhiteFideId "2820242"]
[BlackFideId "24180327"]
[WhiteElo "1770"]
[BlackElo "2344"]
[Result "0-1"]
[Round "02"]
[TimeControl "180+1"]
[Date "2021.09.28"]
[WhiteClock "0:00:01"]
[BlackClock "0:00:19"]

1. b3 e5 2. Bb2 Nc6 3. e3 g6 4. d4 exd4 5. exd4 Bg7 6. Nf3 d5 7. Bb5 Ne7 8. O-O O-O 9. Re1 Bg4 10. c3 a6 11. Bf1 Qd7 12. h3 Bf5 13. Nbd2 Rfe8 14. Nh4 Be6 15. Nhf3 Qd6 16. g3 Nf5 17. Bg2 h5 18. a4 Bh6 19. Nf1 f6 20. Qc2 Qd7 21. Re2 Bf7 22. Rae1 Kg7 23. Ba3 Rxe2 24. Rxe2 Re8 25. h4 Rxe2 26. Qxe2 Be6 27. Ne1 Na5 28. Qc2 Nd6 29. Nd3 Bf5 30. Bxd5 Nb5 31. Bb4 Qxd5 32. c4 Nxd4 33. Qc3 Nf3+ 0-1


[Site "https://www.chess.com"]

[Event "Titled Tuesday Blitz September 28 2021"]
[White "Stoyanov, Tsvetan"]
[Black "Torres Cueto, Jesus Marcial"]
[WhiteFideId "2917173"]
[BlackFideId "4415280"]
[WhiteElo "2191"]
[BlackElo "2059"]
[Result "1/2-1/2"]
[Round "02"]
[TimeControl "180+1"]
[Date "2021.09.28"]
[WhiteClock "0:00:06"]
[BlackClock "0:01:19"]

1. b3 e5 2. Bb2 Nc6 3. e3 Nge7 4. c4 g6 5. Nc3 Bg7 6. Nf3 O-O 7. d4 exd4 8. exd4 d5 9. cxd5 Nxd5 10. Nxd5 Qxd5 11. Bc4 Re8+ 12. Kf1 Qf5 13. h3 Be6 14. Bd3 Qh5 15. Be2 Qd5 16. Kg1 Rad8 17. Kh2 Qd6+ 18. g3 Nxd4 19. Nxd4 Bxd4 20. Bxd4 Qxd4 21. Qxd4 Rxd4 22. Rad1 Red8 23. Rxd4 Rxd4 24. Rd1 Rxd1 25. Bxd1 c5 26. h4 Kf8 27. Kg2 Ke7 28. Kf3 Kd6 29. Kf4 h6 30. Ke4 Bf5+ 31. Kf4 b5 32. h5 Bb1 33. hxg6 fxg6 34. a3 c4 35. bxc4 bxc4 36. Ke3 Kc5 37. Be2 c3 38. Ba6 c2 39. Kd2 Kd4 40. Bb7 h5 41. Bf3 a5 42. Bc6 Kc4 43. Be8 Kb3 44. Kc1 Kxa3 45. Bxg6 Kb3 46. Bxh5 a4 47. Bf7+ Kc3 48. g4 a3 49. g5 a2 50. Bxa2 Bxa2 51. f4 Bb3 52. f5 Kd4 53. g6 Ke5 54. g7 Kxf5 55. g8=Q Bxg8 56. Kxc2 1/2-1/2


[Site "https://www.chess.com"]

[Event "Titled Tuesday Blitz September 28 2021"]
[White "Svane, Rasmus"]
[Black "Shahade, Gregory"]
[WhiteFideId "4657101"]
[BlackFideId "2009064"]
[WhiteElo "2643"]
[BlackElo "2563"]
[Result "1-0"]
[Round "02"]
[TimeControl "180+1"]
[Date "2021.09.28"]
[WhiteClock "0:00:08"]
[BlackClock "0:00:04"]

1. Nf3 Nf6 2. g3 g6 3. Bg2 Bg7 4. O-O O-O 5. d4 d5 6. c3 Bf5 7. Nbd2 Nbd7 8. Nh4 Be6 9. e4 dxe4 10. Nxe4 Nxe4 11. Bxe4 c6 12. Re1 Nf6 13. Bg2 Bd5 14. Nf3 e6 15. Bf1 Qb6 16. Ne5 c5 17. dxc5 Qxc5 18. Be3 Qc7 19. Bd4 Rfd8 20. Qa4 Ne4 21. Ng4 Ng5 22. Bg2 Bxg2 23. Kxg2 b5 24. Qxb5 Rd5 25. Qe2 Qb7 26. f3 Rf5 27. Rf1 e5 28. Bg1 e4 29. fxe4 Nxe4 30. Rxf5 gxf5 31. Nf2 Nxc3+ 32. Qf3 Qxf3+ 33. Kxf3 Nb5 34. Nd3 Rd8 35. Rd1 Nc7 36. Bxa7 Ra8 37. Be3 Rxa2 38. Nb4 Ra8 39. Rd2 Ne6 40. Nc6 Bf6 41. b4 Kg7 42. b5 Rc8 43. Rd1 f4 44. gxf4 h5 45. Rb1 Kh7 46. b6 Rxc6 47. b7 Rc3 48. b8=Q Bd4 49. Re1 Bxe3 50. Rxe3 Nd4+ 51. Ke4 1-0


[Site "https://www.chess.com"]

[Event "Titled Tuesday Blitz September 28 2021"]
[White "Szente Varga, Fruzsina"]
[Black "Levitskiy, Andrey"]
[WhiteFideId "712264"]
[BlackFideId "14132885"]
[WhiteElo "2106"]
[BlackElo "2340"]
[Result "0-1"]
[Round "02"]
[TimeControl "180+1"]
[Date "2021.09.28"]
[WhiteClock "0:00:21"]
[BlackClock "0:00:10"]

1. e4 c5 2. Nf3 d6 3. d4 cxd4 4. Qxd4 Nf6 5. Bb5+ Bd7 6. c4 Nc6 7. Qd3 g6 8. Nc3 Bg7 9. h3 O-O 10. O-O Rc8 11. Be3 a6 12. Bxc6 Bxc6 13. Nd4 Nd7 14. Nxc6 bxc6 15. f4 Qa5 16. Bd4 Nc5 17. Qe3 Rb8 18. Rab1 Bxd4 19. Qxd4 Ne6 20. Qd3 Qc5+ 21. Kh1 Qd4 22. Qe2 Nc5 23. Rbd1 Qf6 24. e5 Qe6 25. a3 a5 26. exd6 Qxe2 27. Nxe2 exd6 28. Rxd6 Rxb2 29. Rxc6 Ne4 30. Nd4 Ng3+ 31. Kg1 Nxf1 32. Kxf1 Rd8 33. Ne2 Rd1+ 34. Kf2 Rdd2 35. Rc8+ Kg7 36. Re8 Rbc2 37. Re4 f5 38. Re5 Rxc4 39. Kg1 Rcc2 40. Kf2 a4 41. g4 fxg4 42. hxg4 Kf6 43. g5+ Kf7 44. Kf3 Rd3+ 45. Kg4 Rxa3 46. Nd4 Rg2+ 47. Kh4 Rag3 48. f5 Rg4+ 49. Kh3 R4g3+ 50. Kh4 Rg4+ 51. Kh3 R2g3+ 52. Kh2 Rxg5 53. fxg6+ hxg6 54. Rxg5 Rxg5 55. Nb5 Rxb5 56. Kg3 a3 57. Kf2 a2 58. Ke3 a1=Q 59. Kd3 Qa3+ 60. Ke2 Rb2+ 61. Kd1 Qa1# 0-1


[Site "https://www.chess.com"]